 Dungeon Crawl Stone Soup version 0.20-a0-1109-ge3cd172 (webtiles) character file.

233 Wendigo the Caller (level 6, 41/41 HPs)
             Began as a Barachi Summoner on May 5, 2017.
             Quit the game on level 3 of the Dungeon.
             The game lasted 00:12:19 (4214 turns).

Wendigo the Caller (Barachi Summoner)               Turns: 4214, Time: 00:12:20

Health: 41/41      AC:  5    Str: 10    XL:     6   Next: 5%
Magic:  11/11      EV: 12    Int: 17    God:
Gold:   113        SH:  0    Dex: 12    Spells: 1/12 levels left

rFire    . . .     SeeInvis .   v - +0 trident
rCold    . . .     Gourm    .   (no shield)
rNeg     . . .     Faith    .   t - +2 robe {MR+}
rPois    +         Spirit   +   e - +0 helmet
rElec    .         Reflect  .   (no cloak)
rCorr    .         Harm     .   (no gloves)
MR       +....                  (no boots)
Stlth    ++........             j - amulet of guardian spirit
Regen    0.2/turn               q - ring of poison resistance
MPRegen  0.2/turn               (no ring)

@: slow
A: +LOS, swims, slowness 1, strong legs 1
a: Hop


You were on level 3 of the Dungeon.
You were not hungry.

You visited 1 branch of the dungeon, and saw 3 of its levels.

You collected 113 gold pieces.

Inventory:

Hand Weapons
 r - a +0 spear
 v - a +0 trident (weapon)
Armour
 a - a +0 robe
 e - a +0 helmet (worn)
 t - a +2 robe of magic resistance (worn)
Jewellery
 j - an amulet of guardian spirit (around neck)
 q - a ring of poison resistance (left hand)
Wands
 g - a wand of digging (5/24)
 k - a wand of flame (21/48)
Scrolls
 d - 6 scrolls of identify
 m - a scroll of random uselessness {unknown}
 p - 5 scrolls of teleportation
 w - a scroll of remove curse {unknown}
Potions
 l - 2 potions of mutation
 o - a potion of lignification {unknown}
 s - a potion of cancellation {unknown}
 u - a potion of berserk rage {unknown}
Books
 b - a book of Callings

   Spells                             Type                      Level
   a - Summon Small Mammal            Summoning                    1
   b - Call Imp                       Summoning                    2
   c - Call Canine Familiar           Summoning                    3
   d - Summon Guardian Golem          Hexes/Summoning              3
   e - Summon Lightning Spire         Summoning/Air                4
   f - Summon Ice Beast               Ice/Summoning                4
Comestibles
 c - a bread ration
 f - 3 fruits
 h - 2 meat rations
 n - a royal jelly


   Skills:
 + Level 1.6 Polearms
 - Level 2.1 Dodging
 - Level 1.7 Stealth
 + Level 3.6 Spellcasting
 + Level 6.7 Summonings
 * Level 2.2 Air Magic


You had one spell level left.
You knew the following spells:

 Your Spells              Type           Power        Failure   Level  Hunger
a - Summon Small Mammal   Summ           ####         1%          1    None
b - Call Imp              Summ           ####....     1%          2    ##.....
c - Summon Lightning Spi  Summ/Air       ###.....     26%         4    ####...
d - Summon Ice Beast      Ice/Summ       ##......     38%         4    ####...


Dungeon Overview and Level Annotations

Branches:
Dungeon (3/15)

Altars:


Innate Abilities, Weirdness & Mutations

Shadows flee at your approach. (+LOS)
You can swim through water.
You cover ground slowly.
You can hop short distances.


Message History

You kill the orc!
No target in view!
You see here a club.
Eating one of 3 chunks of flesh.
You eat one of the 3 chunks of flesh.
This raw flesh tastes terrible.
You now have 113 gold pieces (gained 3).
d - 6 scrolls of identify (gained 3)
You see here a club.
All of the chunks of flesh in your inventory have rotted away.
Things that are here:
a hand axe of venom; a scale mail
Things that are here:
a hunting sling; 17 stones Done exploring.
Done exploring.
Done exploring.
Saving game... please wait.
Welcome back, Wendigo the Barachi Summoner.
Press ? for a list of commands and other information.
Are you sure you want to abandon this character and quit the game? (Confirm with "yes".)

######### #.......#
### #####.......#
##.. ########
##@..........###...
#......#
###..###...........#5
#......######...##
#........####.
#.............###
####.#..## ##.
#......#.######
#...#####<.
#......#.# #.###
#..>. #......#.# #.#
#.#.# ########.# #.#
##.#.# # #.##
#.####..#.#


There were no monsters in sight!

Vanquished Creatures
  Jessica (D:2)
  Ijyb (D:3)
  Terence (D:3)
  4 adders
  A worm (D:3)
  4 orcs (D:3)
  5 bats
  A giant cockroach (D:2)
  4 goblins
  6 hobgoblins
  2 jackals (D:3)
  A quokka (D:2)
  2 ball pythons (D:3)
  2 frilled lizards (D:2)
  A kobold (D:3)
  3 rats
39 creatures vanquished.

Vanquished Creatures (collateral kills)
  An orc priest (D:2)
  Natasha (thrice) (D:2)
  4 adders
  An ooze (D:2)
  A worm (D:3)
  A dart slug (D:1)
  3 leopard geckos
  An orc (D:3)
  5 goblins
  8 hobgoblins
  4 jackals
  3 kobolds
  2 quokkas (D:2)
  A bat (D:1)
  2 rats (D:1)
40 creatures vanquished.

Grand Total: 79 creatures vanquished

Notes
Turn   | Place    | Note
-------+----------+-------------------------------------------
     0 | D:1      | Wendigo the Barachi Summoner began the quest for the Orb.
     0 | D:1      | Reached XP level 1. HP: 13/13 MP: 3/3
     2 | D:1      | Noticed an elf
     4 | D:1      | Noticed a vampire
     4 | D:1      | Noticed a naga
     6 | D:1      | Noticed a demonspawn
     6 | D:1      | Noticed a gargoyle
     8 | D:1      | Noticed a demigod
     8 | D:1      | Noticed a centaur
    10 | D:1      | Noticed a merfolk
    10 | D:1      | Noticed a formicid
    12 | D:1      | Noticed a felid
    12 | D:1      | Noticed a tengu
    15 | D:1      | Noticed a draconian
    15 | D:1      | Noticed a ghoul
    17 | D:1      | Noticed a vine stalker
    17 | D:1      | Noticed a minotaur
    19 | D:1      | Noticed a dwarf
    21 | D:1      | Noticed a halfling
    21 | D:1      | Noticed an ogre
    23 | D:1      | Noticed a spriggan
    25 | D:1      | Noticed an octopode
    27 | D:1      | Noticed a human
    27 | D:1      | Noticed a troll
   369 | D:1      | Reached skill level 5 in Summonings
   501 | D:1      | Reached XP level 2. HP: 11/19 MP: 5/5
   505 | D:1      | Learned a level 2 spell: Call Imp
  1489 | D:2      | Noticed Natasha
  1499 | D:2      | Noticed a crimson imp
  1504 | D:2      | Killed Natasha
  1504 | D:2      | Reached XP level 3. HP: 24/24 MP: 4/7
  1526 | D:2      | Noticed Natasha
  1527 | D:2      | Killed Natasha
  1741 | D:2      | Noticed Natasha
  1748 | D:2      | Killed Natasha
  1748 | D:2      | Reached skill level 6 in Summonings
  1748 | D:2      | Reached XP level 4. HP: 5/30 MP: 5/8
  2130 | D:2      | Learned a level 4 spell: Summon Lightning Spire
  2663 | D:3      | Noticed Jessica
  2687 | D:2      | Killed Jessica
  2687 | D:2      | Reached XP level 5. HP: 16/35 MP: 2/10
  2927 | D:2      | Reached skill level 1 in Air Magic
  2994 | D:2      | Reached skill level 1 in Polearms
  3583 | D:3      | Noticed Terence
  3606 | D:3      | Killed Terence
  3874 | D:3      | Noticed Ijyb
  3890 | D:3      | Killed Ijyb
  3890 | D:3      | Reached XP level 6. HP: 32/41 MP: 9/11
  3971 | D:3      | Learned a level 4 spell: Summon Ice Beast
  4214 | D:3      | Quit the game

Vault maps used:
D:1:      kb_arrival_jail, grunt_decor_fettered, hangedman_decor_push
D:2:      kennysheep_cluttered_room, kennysheep_generic_room_6, uniq_natasha
D:3:      cheibrodos_sewer_entry_drain, minivault_25, uniq_terence, uniq_ijyb,
          uniq_jessica

Skill      XL: |  1  2  3  4  5 |
---------------+----------------+-----
Summonings     | 5 6 |  6.7
Spellcasting   | 3 |  3.6
Air Magic      | 2 |  2.2
Polearms       | 1 |  1.6
Dodging        | |  2.1
Stealth        | |  1.7

Action                   |  1- 3 |  4- 6 || total
-------------------------+-------+-------++-------
Melee: Unarmed           |    14 |       ||    14
       Spear             |    42 |    65 ||   107
       Trident           |       |    80 ||    80
 Cast: Summon Small Mamm |    11 |       ||    11
       Call Imp          |    11 |    34 ||    45
 Abil: Hop               |     3 |     1 ||     4
  Use: Scroll            |       |     3 ||     3
       Potion            |       |     3 ||     3
 Stab: Sleeping          |     3 |     4 ||     7
       Distracted        |       |     2 ||     2
  Eat: Chunk             |     4 |    10 ||    14
Armor: Robe              |    16 |    43 ||    59
Dodge: Dodged            |    40 |   113 ||   153
